 Dungeon Crawl Stone Soup version 0.26.0-45-g9c1d065592 (webtiles) character file.

Game seed: 5952457518394638548

(classic levelgen) 1033 thiole the Stinger (level 8, 0/50 HPs)
             Began as an Octopode Venom Mage on Jan 30, 2021.
             Was an Initiate of Gozag.
             Slain by Menkaure (3 damage)
             ... on level 6 of the Dungeon.
             The game lasted 00:10:35 (7129 turns).

thiole the Stinger (Octopode Venom Mage)            Turns: 7129, Time: 00:10:36

Health: 0/50       AC:  1    Str:  7    XL:     8   Next: 24%
Magic:  6/11       EV: 13    Int: 23    God:    Gozag
Gold:   386        SH:  5    Dex: 15    Spells: 4/11 levels left

rFire    . . .     SeeInvis .   b - +3 hand axe of Byschag {vorpal, Int+4 Dex+2}
rCold    . . .     Faith    .   i - +0 buckler
rNeg     . . .     Spirit   .   (helmet restricted)
rPois    .         Reflect  .   f - amulet of the acrobat
rElec    .         Harm     .   n - ring of stealth
rCorr    .         Rampage  .   v - ring of flight
Will     .....                  (no ring)
Stlth    +++++.....             (no ring)
HPRegen  0.16/turn              (no ring)
MPRegen  0.12/turn              (no ring)
                                (no ring)
                                (no ring)

@: gold aura
A: almost no armour, stealthy swim, amphibious, 8 rings, constrict 8, camouflage
1, gelatinous body 1
a: Renounce Religion, Evoke Flight, Potion Petition, Call Merchant, Bribe Branch


You were on level 6 of the Dungeon.
You worshipped Gozag.
Gozag was aware of your devotion.
You visited 2 branches of the dungeon, and saw 7 of its levels.

You collected 445 gold pieces.
You paid 59 gold pieces to Gozag.

Inventory:

Hand Weapons
 a - the +5 hunting sling "Higgull" {freeze, Str-4 Dex+3}
   (You found it on level 4 of the Dungeon)

   It causes projectiles fired from it to freeze those they strike, causing
   extra injury to most foes and up to half again as much damage against
   particularly susceptible opponents.
   They can also slow down cold-blooded creatures.
   It affects your strength (-4).
   It affects your dexterity (+3).
 b - the +3 hand axe of Byschag (weapon) {vorpal, Int+4 Dex+2}
   (You found it on level 4 of the Dungeon)

   It inflicts extra damage upon your enemies.
   It affects your intelligence (+4).
   It affects your dexterity (+2).
Missiles
 p - 19 stones (quivered)
Armour
 i - a +0 buckler (worn)
Jewellery
 f - an amulet of the acrobat (around mantle)
 n - a ring of stealth (left tentacle)
 v - a ring of flight (right tentacle)
Scrolls
 d - 3 scrolls of identify {unknown}
 e - 2 scrolls of enchant armour {unknown}
 h - a scroll of teleportation {unknown}
 j - 2 scrolls of amnesia {unknown}
 l - 2 scrolls of remove curse {unknown}
 q - a scroll of noise {unknown}
 r - a scroll of random uselessness {unknown}
 u - a scroll of enchant weapon {unknown}
Potions
 c - a potion of haste
 g - 2 potions of might {unknown}
 k - a potion of cancellation {unknown}
 m - a potion of resistance {unknown}
 s - a potion of heal wounds {unknown}
 t - a potion of mutation {unknown}


   Skills:
 - Level 2.0 Fighting
 - Level 4.0 Slings
 - Level 2.0 Dodging
 - Level 5.0 Stealth
 - Level 4.0 Shields
 - Level 2.0 Spellcasting
 - Level 2.0 Transmutations
 - Level 3.0 Fire Magic
 + Level 6.7 Poison Magic


You had 4 spell levels left.
You knew the following spells:

 Your Spells              Type           Power        Failure   Level
a - Sting                 Tmut/Pois      88%          2%          1
b - Mephitic Cloud        Conj/Pois/Air  12%          16%         3
c - Ignite Poison         Fire/Tmut/Pois 20%          8%          3

Your spell library contained the following spells:

 Spells                   Type           Power        Failure   Level
 Poisonous Vapours        Pois/Air       34%          4%          2
 Beastly Appendage        Tmut           22%          5%          1
 Spider Form              Tmut/Pois      11%          6%          3
 Olgreb's Toxic Radiance  Pois           33%          8%          4
 Wereblood                Tmut           11%          9%          2
 Ice Form                 Ice/Tmut       6%           63%         4
 Blade Hands              Tmut           5%           83%         5


Dungeon Overview and Level Annotations

Branches:
Dungeon (6/15)             Temple (1/1) D:4

Altars:
Ashenzari
Cheibriados
Dithmenos
Elyvilon
Gozag
Hepliaklqana
Kikubaaqudgha
Makhleb
Nemelex Xobeh
Okawaru
Qazlal
Ru
Sif Muna
Trog
Uskayaw
Vehumet
Wu Jian
Xom
Yredelemnul
Zin
The Shining One

Annotations:
D:6 Menkaure


Innate Abilities, Weirdness & Mutations

You cannot wear most types of armour.
You are very stealthy in the water. (Stealth+)
You are amphibious.
You can wear up to eight rings at the same time.
You can use your tentacles to constrict eight enemies at once.
Your skin changes colour to match your surroundings (Stealth+).
Your rubbery body absorbs attacks. (AC +1, EV +1)


Message History

[Y]es or [N]o only, please.
Really attack while wielding the +5 hunting sling "Higgull" {freeze, Str-4 Dex+3}?
Okay, then.
The +5 hunting sling "Higgull" {freeze, Str-4 Dex+3} stops glowing.
You feel clever.
You feel agile.
b - the +3 hand axe of Byschag (weapon)
{vorpal, Int+4 Dex+2} The orc closely misses you.
You hit Menkaure. Your grab misses Menkaure.
Menkaure is lightly damaged.
You hit the orc. The orc hits you with a +0 hand axe.
* * * LOW HITPOINT WARNING * * *
Menkaure casts a spell at you. Pain shoots through your body!
* * * LOW HITPOINT WARNING * * *
You feel better. The orc barely misses you.
The orc hits you with a +0 hand axe.
* * * LOW HITPOINT WARNING * * *
Menkaure hits you.
You die...
Your body crumbles into a pile of gold.

###≈.^....# #.
(#^≈♣≈_..### #.
o..__§_♣⌠. #.
#.o..^.≈#
###.###≈♣(.^_≈#
....# #≈#...# #..#
#.≈o#
#..#####o#######o.
#.....M@o....(....
##.#######..####.
#.#######..####.
#...............o
#######.#######.#
#.# ### #.# ..#
#.# #.# #.#


You could see Menkaure and 3 orcs.

Vanquished Creatures
  Sigmund (D:5)
  Eustachio (D:5)
  An ice beast (D:6)
  A centaur (D:5)
  2 scorpions
  A hound (D:5)
  4 orc wizards
  2 orc priests (D:6)
  A bullfrog skeleton (D:6)
  3 worker ants (D:5)
  4 gnolls (D:3)
  5 adders
  A shadow imp (D:6)
  An adder skeleton (D:3)
  A worm (D:3)
  A dart slug (D:1)
  2 leopard geckos
  10 orcs
  A ball python (D:1)
  9 bats
  3 giant cockroaches
  7 goblins
  6 hobgoblins
  2 jackals (D:6)
  7 kobolds
  2 quokkas
  8 frilled lizards
  A jackal skeleton (D:4)
  8 rats
96 creatures vanquished.

Vanquished Creatures (others)
  6 plants (D:1)
6 creatures vanquished.

Grand Total: 102 creatures vanquished

Notes
Turn   | Place    | Note
-------+----------+-------------------------------------------
     0 | D:1      | thiole the Octopode Venom Mage began the quest for the Orb.
     0 | D:1      | Reached XP level 1. HP: 11/11 MP: 3/3
   203 | D:1      | Reached skill level 4 in Poison Magic
   348 | D:1      | Reached skill level 1 in Fighting
   348 | D:1      | Reached XP level 2. HP: 18/18 MP: 1/5
  1126 | D:1      | Reached XP level 3. HP: 24/24 MP: 2/6
  1639 | D:2      | Reached skill level 1 in Fire Magic
  1989 | D:2      | Reached XP level 4. HP: 24/29 MP: 2/7
  2441 | D:3      | Found an iron altar of Okawaru.
  2760 | D:3      | Reached skill level 1 in Shields
  3188 | D:3      | Reached XP level 5. HP: 9/34 MP: 2/8
  3411 | D:3      | Learned a level 3 spell: Mephitic Cloud
  3415 | D:3      | Learned a level 3 spell: Ignite Poison
  4274 | D:4      | Found a basalt altar of Yredelemnul.
  4274 | D:4      | Found a glowing golden altar of the Shining One.
  4274 | D:4      | Found a shimmering altar of Xom.
  4370 | D:4      | Got a crystal hunting sling
  4371 | D:4      | Identified the +5 hunting sling "Higgull" {freeze, Str-4
                  | Dex+3} (You found it on level 4 of the Dungeon)
  4429 | D:4      | Reached XP level 6. HP: 39/39 MP: 9/9
  4522 | D:4      | Found a staircase to the Ecumenical Temple.
  4536 | Temple   | Entered the Ecumenical Temple
  4551 | Temple   | Became a worshipper of Gozag Ym Sagoz the Greedy
  5013 | D:4      | Got a shimmering hand axe
  5014 | D:4      | Identified the +3 hand axe of Byschag {vorpal, Int+4 Dex+2}
                  | (You found it on level 4 of the Dungeon)
  5177 | D:4      | Found a shimmering blue altar of Sif Muna.
  5191 | D:4      | Reached skill level 1 in Slings
  5259 | D:4      | Identified Sif Muna's Compendium of Shape Shifting
  5433 | D:5      | Entered Level 5 of the Dungeon
  5436 | D:5      | Noticed Eustachio
  5478 | D:5      | Killed Eustachio
  5479 | D:5      | Reached XP level 7. HP: 14/45 MP: 0/10
  5785 | D:5      | Reached skill level 5 in Stealth
  6152 | D:5      | Noticed Sigmund
  6163 | D:5      | Killed Sigmund
  6486 | D:6      | Reached skill level 5 in Poison Magic
  6505 | D:6      | Reached XP level 8. HP: 28/50 MP: 11/11
  6505 | D:6      | Noticed Menkaure
  6888 | D:6      | Found a shimmering altar of Xom.
  6888 | D:6      | Found a shimmering altar of Xom.
  6889 | D:6      | Found a shimmering altar of Xom.
  6889 | D:6      | Found a shimmering altar of Xom.
  6889 | D:6      | Found a shimmering altar of Xom.
  6914 | D:6      | Reached skill level 6 in Poison Magic
  7128 | D:6      | HP: 2/50 [Menkaure/nerve-wracking pain (13)]
  7129 | D:6      | Slain by Menkaure

Illustrated notes

Levels and vault maps discovered:
D:1:      ebering_trefoil_3fold, layout_basic, serial_bayou_lake_a
D:2:      layout_loops_ring
D:3:      layout_loops_cross, okawaru_metal_pillars_3
D:4:      layout_loops_ring, led_sif_book, gammafunk_temple_overflow_forgotten,
          minmay_temple_entry_waves
D:5:      layout_rooms, uniq_sigmund, uniq_eustachio
D:6:      layout_loops_ring, xom_redecorated, uniq_crazy_yiuf_cottage,
          uniq_menkaure
Temple:   eino_temple_scatter_basement

Skill      XL: |  1  2  3  4  5  6  7  8 |
---------------+-------------------------+-----
Poison Magic   | 4 5 6 |  6.7
Fighting       | 1 2 |  2.0
Fire Magic     | 1 2 3 |  3.0
Transmutations | 2 |  2.0
Shields        | 1 2 3 4 |  4.0
Stealth        | 3 4 5 |  5.0
Slings         | 2 4 |  4.0
Dodging        | |  2.0
Spellcasting   | |  2.0

Action                   |  1- 3 |  4- 6 |  7- 9 || total
-------------------------+-------+-------+-------++-------
Melee: Unarmed           |    19 |    17 |       ||    36
       Constrict         |     2 |    12 |     8 ||    22
       Tentacles         |     2 |     8 |     7 ||    17
       Hand axe          |       |    19 |    33 ||    52
 Fire: Hunting sling     |       |    21 |    31 ||    52
Throw: Stone             |       |       |     4 ||     4
 Cast: Sting             |    61 |    91 |     6 ||   158
       Mephitic Cloud    |       |     1 |     4 ||     5
       Ignite Poison     |       |       |     1 ||     1
  Use: Potion            |       |     1 |     3 ||     4
 Stab: Confused          |       |       |     2 ||     2
Armor: Skin              |     3 |     6 |     2 ||    11
Dodge: Dodged            |    28 |    55 |    37 ||   120
Block: Buckler           |       |    17 |     9 ||    26
